 Dungeon Crawl Stone Soup version 0.23-a0-622-g59b4ea9c50 (webtiles) character file.

42 Silim the Skirmisher (level 3, -2/24 HPs)
             Began as a Kobold Berserker on Dec 24, 2018.
             Was a Believer of Trog.
             Slain by a kobold
             ... wielding a +0 club
              (6 damage)
             ... on level 2 of the Dungeon.
             The game lasted 00:02:19 (799 turns).

Silim the Skirmisher (Kobold Berserker)              Turns: 799, Time: 00:02:20

Health: -2/24      AC:  2    Str: 15    XL:     3   Next: 77%
Magic:  3/3        EV: 12    Int:  8    God:    Trog [**....]
Gold:   45         SH:  7    Dex: 14    Spells: 2/2 levels left

rFire    . . .     SeeInvis .   a - +0 mace
rCold    . . .     Gourm    .   i - +0 shield
rNeg     . . .     Faith    .   b - +0 animal skin
rPois    .         Spirit   .   (no helmet)
rElec    .         Reflect  .   (no cloak)
rCorr    .         Harm     .   (no gloves)
MR       +....                  (no boots)
Stlth    +.........             (no amulet)
HPRegen  0.08/turn              f - ring of protection from magic
MPRegen  0.08/turn              (no ring)

@: berserk cooldown, slowed, very slow
A: small, carnivore
a: Berserk, Trog's Hand, Renounce Religion


You were on level 2 of the Dungeon.
You worshipped Trog.
Trog was pleased with you.
You were very full.

You visited 1 branch of the dungeon, and saw 2 of its levels.

You collected 45 gold pieces.

Inventory:

Hand Weapons
 a - a +0 mace (weapon)
Armour
 b - a +0 animal skin (worn)
 i - a +0 shield (worn)
Jewellery
 f - a ring of protection from magic (left hand)
 h - an uncursed ring of ice {unknown}
Scrolls
 e - a scroll of fear {unknown}
 g - a scroll of immolation {unknown}
Comestibles
 c - a ration
 d - 4 chunks of flesh


   Skills:
 + Level 3.7 Fighting
 * Level 3.4 Maces & Flails
 - Level 1.5 Armour
 + Level 3.0 Dodging


You had 2 spell levels left.
You didn't know any spells.
Your spell library was empty.

Dungeon Overview and Level Annotations

Branches:
Dungeon (2/15)

Altars:


Innate Abilities, Weirdness & Mutations

You are small and have problems with some larger weapons.
You are carnivorous and can eat meat at any time.


Message History

You hit the adder.
You kill the adder!
Trog accepts your kill.
You closely miss the hobgoblin.
You feel sick.
You are no longer poisoned.
You block the hobgoblin's attack.
You sock the hobgoblin!
You kill the hobgoblin!
Trog accepts your kill.
You are no longer berserk.
You are exhausted.
You feel yourself slow down.
You hit the frilled lizard.
You kill the frilled lizard!
Trog accepts your kill. The kobold hits you but does no damage.
You closely miss the kobold. The kobold hits you with a +0 club.
* * * LOW HITPOINT WARNING * * *
The kobold hits you with a +0 club.
You die...

#......##.#
...#
#######..##.#
..#
.....?...##.#
.#
..#...#.###.#
# ........#
#.# .=#...#.#
h.# ........#
#######K# #@#
#$# ..# .###
#. . ##


You could see a kobold.

Vanquished Creatures
  An adder (D:2)
  A dart slug (D:1)
  A leopard gecko (D:1)
  4 bats (D:1)
  3 giant cockroaches (D:1)
  4 goblins
  5 hobgoblins
  2 frilled lizards
  4 kobolds (D:1)
  2 rats (D:1)
27 creatures vanquished.

Notes
Turn   | Place    | Note
-------+----------+-------------------------------------------
     0 | D:1      | Silim the Kobold Berserker began the quest for the Orb.
     0 | D:1      | Reached XP level 1. HP: 14/14 MP: 1/1
    78 | D:1      | Reached XP level 2. HP: 19/19 MP: 2/2
   358 | D:1      | Reached XP level 3. HP: 23/23 MP: 3/3
   658 | D:1      | Reached ** piety under Trog
   799 | D:2      | Slain by a kobold

Vault maps used:
D:1:      dpeg_arrival_pond
D:2:      lemuel_coloured_pillars_altar, uniq_terence

Skill      XL: |  1  2  3 |
---------------+----------+-----
Maces & Flails | 3 |  3.4
Dodging        | 3 |  3.0
Fighting       | |  3.7
Armour         | |  1.5

Action                   || total
-------------------------++-------
Melee: Mace              ||    99
Invok: Berserk           ||     1
 Stab: Sleeping          ||     3
  Eat: Chunk             ||     8
Armor: Animal skin       ||    16
Dodge: Dodged            ||    65
Block: Shield            ||    24

Table legend:
 A = Non-vault XP
 B = Vault XP
 C = Vault XP percentage of total XP
 D = Non-vault monster count
 E = Vault monster count
 F = Vault count percentage of total count
                 A         B        C        D         E       F
            +---------+---------+-------+---------+---------+-------
      Total |      60 |       0 |   0.0 |      27 |       0 |   0.0
            +---------+---------+-------+---------+---------+-------
        D:1 |      42 |       0 |   0.0 |      23 |       0 |   0.0
        D:2 |      18 |       0 |   0.0 |       4 |       0 |   0.0
            +---------+---------+-------+---------+---------+-------
